Map: Submarino EE

Players

MrFercho - Winner!

  • Race: Zerg Zerg
  • League: Gold
  • Spawn Location: 11:00

Ruttsah

  • Race: Protoss Protoss
  • League: Gold
  • Spawn Location: 5:00

VOD

Have the link to the VOD?

Description

Time

  • Played on: Aug. 19, 2020, 8 p.m.
  • Length: 12:54
Show
View Real Time Build Order
Export as new Build Order

MrFercho Zerg - Winner!

Build Orders: Hatch First, Lurkers 

Get SALT Encoding   

  12  0:01  Drone  
  13  0:13  Overlord  
  13  0:18  Drone  
  14  0:32  Drone x2  
  16  1:01  Drone x2  
  16  1:03  Drone  
  19  1:12  Hatchery  
  19  1:16  Extractor  
  17  1:18  Spawning Pool  
  17  1:20  Drone  
  17  1:29  Drone  
  18  1:34  Drone  
  19  1:44  Drone  
  20  2:01  Drone  
  21  2:07  Overlord  
  21  2:17  Drone  
  22  2:23  Queen  
  24  2:34  Zergling x4  
  24  2:36  Drone  
  27  2:50  Zergling x2  
  28  2:52  Queen  
  30  3:01  Overlord  
  30  3:02  Drone x3  
  33  3:14  Overlord  
  33  3:16  Drone  
  33  3:18  Drone  
  35  3:20  Drone  
  36  3:28  Metabolic Boost  
  36  3:29  Lair  
  36  3:37  Overlord  
  36  4:06  Drone x4  
  36  4:08  Overlord  
  40  4:14  Extractor  
  40  4:16  Extractor  
  38  4:18  Roach Warren  
  38  4:20  Drone x2  
  39  4:37  Drone x3  
  42  4:39  Drone  
  42  4:44  Queen  
  45  4:48  Pneumatized Carapace  
  45  5:15  Drone x2  
  45  5:18  Roach x6  
  45  5:19  Overlord x3  
  59  5:27  Spore Crawler  
  58  5:32  Spore Crawler  
  58  5:33  Drone  
  58  5:34  Drone x2  
  60  5:36  Glial Reconstitution  
  60  5:43  Evolution Chamber  
  59  5:51  Drone x2  
  61  6:00  Roach x7  
  61  6:03  Drone  
  61  6:04  Hatchery  
  75  6:14  Zerg Missile Weapons Level 1  
  75  6:25  Overlord x3  
  75  6:38  Evolution Chamber  
  74  6:40  Evolution Chamber  
  73  6:48  Baneling Nest  
  72  7:00  Extractor  
  71  7:03  Overlord x3  
  71  7:05  Hatchery  
  70  7:17  Queen  
  70  7:22  Drone x3  
  76  7:30  Drone x7  
  76  7:33  Roach x3  
  88  7:39  Hydralisk Den  
  88  7:42  Infestation Pit  
  86  7:50  Drone x2  
  86  7:51  Drone, Spire  
  88  7:52  Drone x2  
  88  7:53  Drone x4  
  88  7:57  Extractor x2  
  92  8:02  Zerg Ground Armor Level 1  
  92  8:03  Zerg Melee Weapons Level 1  
  92  8:06  Overseer  
  92  8:07  Overseer  
  92  8:25  Overseer  
  92  8:26  Muscular Augments  
  92  8:31  Lurker Den, Roach x9  
  108  8:50  Ravager x3  
  111  8:58  Queen  
  111  8:59  Drone  
  111  9:00  Drone x6  
  111  9:01  Drone x4  
  124  9:08  Hive  
  124  9:12  Drone  
  125  9:20  Drone x3  
  128  9:26  Ravager  
  129  9:37  Grooved Spines  
  129  10:00  Overlord x3  
  129  10:01  Hydralisk x5  
  129  10:02  Hydralisk x3  
  143  10:10  Hatchery  
  99  10:32  Hydralisk x10  
  99  10:33  Hydralisk x10  
  121  10:38  Overseer  
  112  10:50  Drone x11  
  112  10:52  Queen  
  124  11:17  Seismic Spines  
  124  11:18  Greater Spire  
  124  11:21  Hydralisk  
  124  11:24  Zergling x14  
  124  11:25  Zergling x2  
  134  11:29  Lurker  
  134  11:32  Lurker  
  136  11:38  Queen  
  138  11:52  Hatchery  
  137  11:57  Spore Crawler  
  132  12:04  Spine Crawler  
  132  12:05  Spine Crawler  
  130  12:17  Lurker x4  
Show
View Real Time Build Order
Export as new Build Order

Ruttsah Protoss 

Build Orders:  

Get SALT Encoding   

  12  0:01  Probe  
  13  0:17  Pylon  
  13  0:20  Probe  
  14  0:39  Gateway  
  14  0:42  Assimilator, Probe (Chrono Boost)  
  15  0:54  Probe (Chrono Boost)  
  16  1:01  Probe (Chrono Boost)  
  17  1:11  Probe  
  17  1:14  Assimilator  
  18  1:24  Probe (Chrono Boost)  
  19  1:32  Cybernetics Core  
  19  1:36  Probe (Chrono Boost)  
  20  1:42  Probe (Chrono Boost)  
  21  1:50  Probe  
  22  2:00  Pylon  
  22  2:02  Probe  
  23  2:09  Assimilator  
  23  2:18  Sentry, Probe  
  23  2:21  Twilight Council  
  26  2:30  Warp Gate  
  26  2:33  Gateway  
  26  2:38  Probe  
  26  2:42  Pylon  
  27  2:51  Adept, Probe  
  28  2:54  Resonating Glaives (Chrono Boost)  
  30  3:03  Probe  
  31  3:21  Shield Battery  
  31  3:23  Pylon  
  31  3:40  Adept x2  
  35  3:53  Forge  
  35  4:03  Probe  
  36  4:15  Probe  
  36  4:16  Nexus  
  37  4:18  Pylon  
  37  4:20  Robotics Facility  
  37  4:26  Adept  
  39  4:31  Pylon  
  39  4:39  Phoenix  
  39  4:48  Shield Battery, Probe  
  39  4:50  Photon Cannon  
  39  4:52  Photon Cannon, Protoss Ground Weapons Level 1  
  40  5:00  Probe  
  41  5:12  Probe  
  42  5:23  Stalker x2, Shield Battery  
  46  5:30  Probe x2  
  46  5:35  Immortal  
  52  5:42  Probe x2  
  54  5:54  Probe  
  54  5:56  Assimilator  
  55  6:01  Assimilator  
  55  6:03  Stargate  
  55  6:05  Probe  
  55  6:09  Probe  
  57  6:14  Warp Prism  
  57  6:17  Probe  
  60  6:21  Probe  
  61  6:27  Protoss Air Weapons Level 1  
  61  6:34  Pylon  
  61  6:38  Adept x2  
  65  6:53  Fleet Beacon  
  65  6:57  Pylon  
  65  7:01  Pylon  
  65  7:02  Observer  
  65  7:04  Gateway  
  65  7:06  Gateway  
  66  7:30  Nexus  
  66  7:31  Immortal  
  66  7:32  Pylon  
  66  7:35  Adept  
  72  7:43  Probe  
  73  7:44  Probe  
  74  7:55  Sentry x2  
  74  7:56  Probe x2  
  80  8:08  Probe  
  81  8:18  Templar Archives  
  81  8:19  Immortal  
  85  8:22  Robotics Facility  
  85  8:24  Protoss Ground Weapons Level 2  
  85  8:32  Observer  
  85  8:46  Shield Battery  
  85  8:47  Shield Battery  
  85  8:48  Photon Cannon  
  85  8:50  Photon Cannon  
  84  8:58  Shield Battery  
  84  9:09  Probe x2  
  86  9:11  Carrier (Chrono Boost)  
  86  9:12  Pylon  
  86  9:16  Pylon  
  92  9:32  Phoenix (Chrono Boost), Warp Prism (Chrono Boost)  
  92  9:33  Phoenix (Chrono Boost)  
  94  9:44  Zealot  
  98  9:49  Immortal (Chrono Boost)  
  98  10:07  Zealot  
  98  10:08  Carrier, Zealot x3  
  84  10:45  Stalker  
  84  10:46  Stalker x3  
  88  11:12  Fleet Beacon  
  88  11:16  Pylon, Psionic Storm  
  88  11:17  Gateway  
  88  11:19  Robotics Facility  
  88  11:35  Zealot x4  
  96  11:59  Zealot x4  
  96  12:21  High Templar x5  
Tags
 
Composition
Lurkers
League
GoldGold
Matchup
PvZ
Replay Pack
MrFercho
Spawn Locations
Cross Positions
Add a new tag
Caveats
  • Supply blocks, unpowered buildings, or Contaminate may cause inaccurate times.
  • Supply counts are checked every 10 seconds.